 Dungeon Crawl Stone Soup version 0.18.1-8-gdd0e5ea (webtiles) character file.

344 l0ser140 the Covered (level 6, -7/76 HPs)
             Began as a Human Fighter on May 28, 2016.
             Mangled by an ogre
             ... wielding a +0 giant club
              (17 damage)
             ... on level 4 of the Dungeon.
             The game lasted 00:24:03 (3608 turns).

l0ser140 the Covered (Human Fighter)                Turns: 3608, Time: 00:24:12

Health: -7/76      AC: 23    Str: 18    XL:     6   Next: 89%
Magic:  6/6        EV:  2    Int:  8    God:
Gold:   108        SH: 10    Dex: 13    Spells: 0 memorised, 5 levels left

rFire  . . .     SeeInvis .     a - +1 long sword
rCold  . . .     Gourm    .     (armour currently unavailable)
rNeg   + + +     Faith    .     c - +1 shield
rPois  +         Spirit   .     (helmet currently unavailable)
rElec  .         Dismiss  .     (cloak currently unavailable)
rCorr  .         Reflect  .     (gloves currently unavailable)
SustAt .         Harm     .     (boots currently unavailable)
MR     .....     NoTele   +     (no amulet)
Stlth  +.........               (no ring)
                                (no ring)

@: tree-form, slowed, very slow, not resistant to hostile enchantments, very
unstealthy
A: no striking features
a: no special abilities


You were on level 4 of the Dungeon.
You were hungry.
You were a tree.
You visited 1 branch of the dungeon, and saw 4 of its levels.

You collected 108 gold pieces.

Inventory:

Hand Weapons
 a - a +1 long sword (weapon)
Armour
 b - a +0 scale mail
 c - a +1 shield (worn)
 o - a +0 plate armour (melded)
Scrolls
 h - 5 scrolls of remove curse
 k - a scroll of magic mapping {unknown}
 l - a scroll of identify {@r1}
 n - 2 scrolls of teleportation
Potions
 d - a potion of might
 e - a potion of ambrosia {unknown}
 g - a potion of lignification
 j - a potion of berserk rage {unknown}
 p - a potion of resistance {unknown}
 s - a potion of heal wounds {unknown}
Books
 m - a book of Clouds

   Spells                             Type                      Level
   a - Mephitic Cloud                 Conjuration/Poison/Air       3
   b - Conjure Flame                  Conjuration/Fire             3
   c - Poisonous Cloud                Conjuration/Poison/Air       6
   d - Freezing Cloud                 Conjuration/Ice/Air          6
   e - Ring of Flames                 Charms/Fire                  7
Comestibles
 f - 6 bread rations
 i - 2 meat rations
 q - 3 chunks of flesh


   Skills:
 + Level 5.0 Fighting
 - Level 2.0 Long Blades
 * Level 5.6 Armour
 - Level 1.4 Dodging
 - Level 3.0 Shields


You had 5 spell levels left.
You didn't know any spells.

Dungeon Overview and Level Annotations

Branches:
Dungeon (4/15)
 Temple: D:4-7

Altars:
Ashenzari
Elyvilon
Fedhas
Pakellas
Yredelemnul

Annotations:
D:3 exclusion: downstairs
D:4 Natasha


Message History

The puff of frost hits you! Natasha claws you but does no damage.
The crimson imp hits you but does no damage.
The white imp completely misses you. You block Natasha's attack.
The crimson imp hits you but does no damage.
You hit Natasha.
Natasha is almost dead.
You block the white imp's attack.
Natasha growls.
Natasha mumbles some strange words.
The crimson imp hits you but does no damage.
You block the white imp's attack.
Natasha stares at you and mumbles some strange words.
You resist with some effort.
The crimson imp hits you but does no damage.
You hit Natasha.
Natasha is almost dead.
The white imp hits you but does no damage.
You block Natasha's attack. The crimson imp hits you.
The white imp hits you but does no damage.
Natasha claws you!
The crimson imp hits you but does no damage.
Huge Dmg: -13%(-7hp) hp: 50%(25hp)
You closely miss Natasha.
Natasha is almost dead.
The crimson imp disappears in a puff of smoke!
The white imp hits you but does no damage.
Natasha claws you but does no damage. The ogre hits you with a giant club!!
* * * LOW HITPOINT WARNING * * *
The white imp hits you but does no damage.
You block Natasha's attack.
Huge Dmg: -38%(-19hp) hp: 12%(6hp) Read which item? (? for menu, Esc to quit)
Okay, then.
Drink which item? (? for menu, Esc to quit)
It was a potion of lignification.
You turn into a tree.
Your +0 plate armour melds into your body.
Your roots penetrate the ground.
The white imp gestures at you. You block the puff of frost.
You block the ogre's attack.
Natasha casts a spell.
Drink which item? (? for menu, Esc to quit)
Okay, then.
You closely miss Natasha.
Natasha is almost dead.
The white imp disappears in a puff of smoke!
You block Natasha's attack. The ogre hits you but does no damage.
Natasha claws you but does no damage.
The crimson imp hits you but does no damage.
The ogre hits you with a giant club!
You die...

. #.....+ +....+ ..
#..(..# #...
...#####.....####.#
...............).>#
............#####.#
#.....(....# ###'##
#......>.☺.# #....####.#
#......5hO5# #....'....#
#########♣####....######
#.....&....#....######
#..........#.........#
#..........###.......#
#..........# #.......#
#(..(......# #.......#
#..........# #.......#
#..........# #.......#
...........# #.......#


You could see an ogre, Natasha and 2 crimson imps.

Vanquished Creatures
  A howler monkey (D:4)
  A crimson imp (D:4)
  A hound (D:4)
  An orc priest (D:3)
  An orc wizard (D:3)
  A worker ant (D:4)
  6 adders (D:2 D:3)
  A worm (D:3)
  2 dart slugs (D:1)
  2 giant geckos (D:2 D:3)
  15 orcs (D:3 D:4)
  3 giant cockroaches (D:1 D:2 D:3)
  7 hobgoblins (D:1 D:2)
  10 jackals (D:2 D:3)
  6 kobolds (D:2 D:3)
  A quokka (D:2)
  7 bats (D:1 D:2 D:3)
  A giant gecko skeleton (D:4)
  6 giant newts (D:1 D:2 D:3)
  5 goblins (D:1 D:2 D:3)
  6 rats (D:1 D:2)
  A spectral orc (D:2)
85 creatures vanquished.

Notes
Turn   | Place    | Note
--------------------------------------------------------------
     0 | D:1      | l0ser140 the Human Fighter began the quest for the Orb.
     0 | D:1      | Reached XP level 1. HP: 18/18 MP: 1/1
   283 | D:1      | Reached XP level 2. HP: 20/24 MP: 2/2
   372 | D:1      | Reached skill level 1 in Dodging
   807 | D:1      | Reached XP level 3. HP: 28/29 MP: 3/3
  1309 | D:2      | Found a white marble altar of Elyvilon.
  1372 | D:2      | Reached XP level 4. HP: 37/37 MP: 4/4
  1609 | D:2      | Found a blossoming altar of Fedhas.
  1933 | D:2      | Found a basalt altar of Yredelemnul.
  2090 | D:3      | Reached skill level 4 in Armour
  2234 | D:3      | Reached skill level 4 in Fighting
  2306 | D:3      | Huge Dmg: 8 Dmg
  2314 | D:3      | Huge Dmg: 5 Dmg
  2320 | D:3      | Huge Dmg: 7 Dmg
  2332 | D:3      | Huge Dmg: 7 Dmg
  2357 | D:4      | Found a shattered altar of Ashenzari.
  2372 | D:4      | Huge Dmg: 5 Dmg
  2382 | D:4      | Reached XP level 5. HP: 16/42 MP: 5/5
  2516 | D:4      | Noticed an ogre
  2543 | D:3      | Reached XP level 6. HP: 35/49 MP: 6/6
  2674 | D:3      | Found an oddly glowing altar of Pakellas.
  2872 | D:3      | Reached skill level 5 in Armour
  3571 | D:4      | Reached skill level 5 in Fighting
  3586 | D:4      | Noticed Natasha
  3606 | D:4      | Huge Dmg: 7 Dmg
  3607 | D:4      | Huge Dmg: 19 Dmg
  3608 | D:4      | Mangled by an ogre

Skill      XL: |  1  2  3  4  5  6 |
---------------+-------------------+-----
Dodging        | 1 |  1.4
Armour         | 4 5 |  5.6
Fighting       | 4 5 |  5.0
Long Blades    | |  2.0
Shields        | |  3.0

Action                   |  1- 3 |  4- 6 || total
-------------------------+-------+-------++-------
Melee: Long sword        |    99 |   306 ||   405
  Use: Scroll            |       |     9 ||     9
       Potion            |       |     4 ||     4
  Eat: Chunk             |     2 |     7 ||     9
Armor: Scale mail        |    25 |       ||    25
       Plate armour      |    26 |   229 ||   255
       Skin              |       |     3 ||     3
Dodge: Dodged            |    19 |    37 ||    56
Block: Shield            |    42 |   134 ||   176

Vault maps used:
D:1:      lemuel_arrival_rhombus, nrook_mini_backslash
D:2:      nicolae_overflow_crystal_walls, lemuel_round_altar,
          yredelemnul_forgotten_temple_becter, grunt_decor_mini_mirrors
D:3:      lemuel_coloured_pillars_altar, first_bread
D:4:      lemuel_crystal_altar, kennysheep_mini, serial_shops,
          kennysheep_little_box, uniq_natasha
